Map: Orbital Shipyard

Players

MarineLorD - Winner!

  • Race: Terran Terran
  • League: Platinum

Miniraser

  • Race: Zerg Zerg
  • League: Master

Event: NationWars III

VOD

Have the link to the VOD?

Description

Time

  • Played on: Dec. 6, 2015, 3:39 p.m.
  • Length: 6:52
Show
View Real Time Build Order
Export as new Build Order

MarineLorD Terran - Winner!

Build Orders:  

Get SALT Encoding   

  12  0:00  SCV  
  13  0:13  SCV  
  14  0:17  Supply Depot  
  14  0:25  SCV  
  15  0:29  Refinery  
  15  0:39  SCV  
  16  0:44  Barracks  
  16  0:51  SCV  
  17  1:01  Barracks  
  17  1:05  SCV  
  18  1:17  SCV  
  19  1:22  Barracks  
  19  1:29  SCV  
  19  1:32  Reaper  
  21  1:41  Orbital Command  
  21  1:48  Reaper  
  21  1:53  Supply Depot  
  22  2:00  Refinery  
  22  2:04  Reaper  
  23  2:14  SCV, Reaper  
  25  2:26  SCV  
  25  2:28  Reaper  
  27  2:38  Supply Depot  
  27  2:39  SCV, Reaper  
  29  2:49  Command Center  
  29  2:51  SCV  
  30  2:59  Reaper  
  30  3:03  SCV  
  32  3:09  Reaper  
  33  3:15  SCV  
  34  3:27  SCV  
  35  3:36  Barracks Tech Lab  
  35  3:37  Command Center  
  35  3:39  SCV  
  36  3:51  SCV  
  37  4:01  Barracks Reactor  
  37  4:03  SCV  
  37  4:04  Stimpack, Marine  
  37  4:10  Barracks Reactor  
  37  4:15  SCV  
  38  4:19  Barracks  
  38  4:22  Barracks, Marine  
  39  4:27  SCV  
  40  4:36  Orbital Command  
  34  4:40  SCV, Marine x2, Marauder  
  34  4:41  Bunker  
  39  4:47  Bunker, Marine  
  39  4:48  Marine  
  41  4:53  Orbital Command  
  41  4:58  SCV, Marine  
  43  5:04  Marauder  
  45  5:08  SCV  
  45  5:10  SCV, Marine  
  45  5:13  Marine  
  49  5:14  Marine  
  49  5:15  Marine  
  49  5:19  Marine  
  49  5:20  Marine  
  53  5:22  SCV  
  53  5:23  SCV  
  53  5:26  SCV  
  53  5:27  Marine  
  57  5:30  Marine  
  57  5:34  SCV  
  55  5:38  Marine  
  55  5:40  Marine x2  
  55  5:41  Marine  
  59  5:45  Supply Depot  
  59  5:47  Supply Depot  
  59  5:49  Supply Depot  
  51  6:07  Marine x2  
  51  6:08  SCV x3, Marine x5  
  61  6:18  Supply Depot  
  61  6:20  Supply Depot, SCV x2  
  61  6:24  Factory  
  61  6:25  Marine x2  
  65  6:26  SCV, Marine  
  65  6:27  Marine  
  65  6:28  Marine  
  69  6:39  SCV x3  
Show
View Real Time Build Order
Export as new Build Order

Miniraser Zerg 

Build Orders: Pool First 

Get SALT Encoding   

  12  0:01  Drone  
  13  0:13  Overlord  
  13  0:17  Drone  
  14  0:31  Drone x2  
  14  0:35  Drone  
  17  0:45  Spawning Pool  
  17  0:48  Drone  
  17  0:51  Extractor  
  16  1:13  Hatchery  
  16  1:15  Drone  
  16  1:32  Queen  
  18  1:33  Zergling x2  
  18  1:36  Drone  
  20  1:40  Drone  
  20  1:45  Drone  
  22  1:55  Overlord  
  22  2:13  Queen  
  24  2:19  Drone x2  
  26  2:25  Queen  
  27  2:31  Drone x2  
  29  2:43  Drone x5  
  34  2:55  Lair  
  34  2:57  Drone x2  
  36  3:02  Extractor x2  
  34  3:08  Drone  
  35  3:18  Roach Warren  
  34  3:22  Overlord  
  34  3:27  Drone x2  
  36  3:40  Queen  
  33  4:01  Roach  
  33  4:02  Roach x6  
  43  4:13  Roach  
  43  4:14  Roach x2  
  35  4:40  Drone x2  
  37  5:05  Overlord  
  37  5:10  Ravager x3  
  40  5:15  Ravager  
  40  5:17  Drone x3  
  44  5:40  Drone x6  
  50  5:55  Drone x2  
  46  6:08  Overlord  
  46  6:10  Drone  
  47  6:12  Drone x2  
  47  6:15  Ravager  
  52  6:33  Drone x2  
  52  6:34  Ravager  
Tags
 
Add a new tag
Caveats
  • Supply blocks, unpowered buildings, or Contaminate may cause inaccurate times.
  • Supply counts are checked every 10 seconds.